 Dungeon Crawl Stone Soup version 0.28.0 (webtiles) character file.

Game seed: 1822219196999383389

317 comborobin the Insei (level 6, -2/46 HPs)
             Began as a Djinni Warper on Feb 13, 2022.
             Slain by an orc warrior (12 damage)
             ... on level 6 of the Dungeon.
             The game lasted 00:03:06 (3881 turns).

comborobin the Insei (Djinni Warper)                Turns: 3881, Time: 00:03:07

Health: -2/46      AC:  5    Str: 10      XL:     6   Next: 73%
Gold:   168        EV: 12    Int: 11 (14) God:
                   SH:  0    Dex: 14 (15)

rFire   + + .      SeeInvis .   b - +1 dagger (venom)
rCold   x . .      Faith    .   (no shield)
rNeg    . . .      Spirit   .   a - +0 leather armour
rPois   ∞          Reflect  .   e - +2 hat
rElec   .          Harm     .   h - scarf {shadows}
rCorr   .          Rampage  .   (no gloves)
Will    .....                   (boots unavailable)
Stlth   +.........              (no amulet)
HPRegen 0.15/turn               (no ring)
MPRegen 0.00/turn               (no ring)

@: flying
A: sickness immunity, fire resistance 2, cold vulnerability 1, float, innate
caster, HP casting, extra vitality 1
a: no special abilities


You were on level 6 of the Dungeon.
You visited 1 branch of the dungeon, and saw 5 of its levels.

You collected 168 gold pieces.

Inventory:

Hand Weapons
 b - a +1 dagger of venom (weapon)
 m - a +3 short sword
Missiles
 c - 5 boomerangs of dispersal (quivered)
 n - 3 boomerangs
Armour
 a - a +0 leather armour (worn)
 e - a +2 hat (worn)
 h - a scarf of shadows (worn)
Magical Staves
 k - a staff of fire
Scrolls
 d - a scroll of immolation
 j - 2 scrolls of blinking
 o - 4 scrolls of amnesia {unknown}
 p - a scroll of identify {unknown}
 q - a scroll of enchant weapon {unknown}
 r - 3 scrolls of teleportation {unknown}
Potions
 g - a potion of curing
 l - a potion of lignification
 s - a potion of brilliance {unknown}


   Skills:
 + Level 3.4 Fighting
 - Level 0.7 Throwing
 - Level 1.0 Armour
 + Level 3.8 Dodging
 + Level 5.2 Unarmed Combat
 - Level 2.4 Spellcasting


You couldn't memorise any spells.
You knew the following spells:

 Your Spells              Type           Power      Damage    Failure   Level
a - Blink                 Tloc           12%        N/A       22%         2
b - Lesser Beckoning      Tloc           6%         N/A       38%         3
c - Gell's Gravitas       Tloc           6%         N/A       38%         3
d - Teleport Other        Tloc           6%         N/A       38%         3
e - Manifold Assault      Tloc           6%         N/A       98%         5
f - Apportation           Tloc           12%        N/A       14%         1
g - Call Imp              Summ           6%         N/A       22%         2
Your spell library was empty.

Dungeon Overview and Level Annotations

Branches:
Dungeon (4/15)
 Temple: D:4-7

Altars:


Innate Abilities, Weirdness & Mutations

You are immune to sickness and miasma.
You are immune to poison.
Your flesh is very heat resistant. (rF++)
You are vulnerable to cold. (rC-)
You float through the air rather than walking.
You learn spells naturally, not from books.
Your magical power is your life essence.
You have superior vitality. (+4 MHP)


Message History

The orc warrior is lightly wounded.
The orc warrior hits you but does no damage.
You smack the orc warrior!
Your punch misses the orc warrior.
The orc warrior is moderately wounded.
The orc warrior hits you with a +0 flail!
You hit the orc warrior.
The orc warrior is heavily wounded.
The orc warrior hits you with a +0 flail!
An orc wizard comes into view. It is wielding a +0 dagger.
You closely miss the orc warrior.
The orc warrior is heavily wounded.
The orc warrior hits you with a +0 flail.
You smack the orc warrior!
The orc warrior is almost dead.
An orc wizard comes into view. It is wielding a +0 dagger.
You completely miss the orc warrior.
The orc warrior is almost dead.
The orc warrior hits you but does no damage.
An orc comes into view. It is wielding a +0 hand axe.
You closely miss the orc warrior.
The orc warrior is almost dead.
You feel less wooden.
Your scarf of shadows unmelds from your body.
Your +2 hat unmelds from your body.
Your +0 leather armour unmelds from your body.
It gets dark.
The orc warrior hits you with a +0 flail!
Unknown command.
Okay, then.
Your +1 dagger of venom begins to drip with poison!
b - a +1 dagger of venom (weapon)
The orc warrior hits you with a +0 flail!
* * * LOW HITPOINT WARNING * * *
The orc wizard mumbles some strange words.
The orc wizard flickers and vanishes!
Deactivating autopickup; reactivate with Ctrl-A.
You barely miss the orc warrior.
The orc warrior is almost dead.
The orc warrior hits you with a +0 flail!
You die...

#####
########.....
.............
...{......≈≈
#o.....≈≈≈
#...# #oo.#
#@..# #...#
#######...#
........###
.########.#
.......##.#
#......'.>#
#......####
######.#


You could see an orc warrior, an orc wizard and an orc.

Vanquished Creatures
  A water moccasin (D:6)
  A hound (D:3)
  A killer bee zombie (D:3)
  5 adders
  4 gnolls (D:2)
  A worm (D:2)
  2 orcs (D:3)
  8 bats
  6 endoplasms
  5 giant cockroaches
  8 goblins
  4 hobgoblins
  2 jackals (D:2)
  8 kobolds
  2 quokkas
  3 ball pythons
  7 frilled lizards
  4 rats
72 creatures vanquished.

Notes
Turn   | Place    | Note
-------+----------+-------------------------------------------
     0 | D:1      | comborobin the Djinni Warper began the quest for the Orb.
     0 | D:1      | Reached XP level 1. HP: 18/18 MP: 0/0
   431 | D:1      | Reached XP level 2. HP: 20/23 MP: 0/0
   594 | D:1      | Reached skill level 3 in Unarmed Combat
  1211 | D:2      | Reached XP level 3. HP: 28/28 MP: 0/0
  1211 | D:2      | Learned a level 1 spell: Apportation
  1458 | D:2      | Reached skill level 4 in Unarmed Combat
  1458 | D:2      | Reached XP level 4. HP: 29/33 MP: 0/0
  1765 | D:2      | Reached XP level 5. HP: 27/38 MP: 0/0
  1765 | D:2      | Learned a level 2 spell: Call Imp
  2943 | D:3      | Found a faded altar of an unknown god.
  3152 | D:3      | Reached XP level 6. HP: 8/45 MP: 0/0
  3822 | D:4      | You are sucked into a shaft and drop 2 floors!
  3843 | D:6      | Noticed a water moccasin
  3856 | D:6      | Killed a water moccasin
  3857 | D:6      | Reached skill level 5 in Unarmed Combat
  3869 | D:6      | Noticed an orc warrior
  3881 | D:6      | Slain by an orc warrior

Illustrated notes

Levels and vault maps discovered:
D:1:      dpeg_arrival_rooms_a, layout_loops_cross, minmay_misc_feat_iff
D:2:      layout_basic, grunt_ministairs_1, minmay_misc_feat_pillars,
          cheibrodos_gnoll_hut
D:3:      layout_loops_ring, shapermc_ecumenical_altar_starsandcircs
D:4:      layout_loops_ring, minmay_temple_entry_drinking_statues
D:6:      layout_basic, lemuel_round_altar, minmay_misc_feat_chi,
          lemuel_another_geyser, uniq_menkaure

Skill      XL: |  1  2  3  4  5  6 |
---------------+-------------------+-----
Unarmed Combat | 3 4 5 |  5.2
Dodging        | 3 |  3.8
Fighting       | 3 |  3.4
Throwing       | |  0.7
Armour         | |  1.0
Spellcasting   | |  2.4

Action                   |  1- 3 |  4- 6 || total
-------------------------+-------+-------++-------
Melee: Unarmed           |    82 |    20 ||   102
       Short sword       |     6 |       ||     6
       Punch             |     1 |     2 ||     3
       Dagger            |    19 |   142 ||   161
  Use: Scroll            |     4 |     1 ||     5
       Potion            |       |     4 ||     4
 Stab: Sleeping          |       |     1 ||     1
Armor: Leather armour    |    37 |    37 ||    74
       Skin              |       |     9 ||     9
Dodge: Dodged            |    65 |    94 ||   159
